 Dungeon Crawl Stone Soup version 0.25-a0-109-ge9c0e85935 (webtiles) character file.

Game seed: 15827919825311539131, levelgen mode: deterministic

14054 gumeehoo the Cleaver (level 12, -9/93 HPs)
             Began as a Formicid Fighter on Nov 19, 2019.
             Was a High Priest of Wu Jian.
             Killed from afar by Frances (33 damage)
             ... with an iron shot
             ... on level 12 of the Dungeon.
             The game lasted 00:30:30 (13232 turns).

gumeehoo the Cleaver (Formicid Fighter)            Turns: 13232, Time: 00:30:32

Health: -9/93      AC: 17    Str: 31    XL:     12   Next: 40%
Magic:  17/17      EV:  8    Int:  8    God:    Wu Jian [*****.]
Gold:   297        SH: 13    Dex: 14    Spells: 9/11 levels left

rFire    + + .     SeeInvis +   a - +1 hand axe (elec)
rCold    + + .     Gourm    .   c - +0 shield
rNeg     . . .     Faith    .   I - +0 plate armour
rPois    +         Spirit   .   (helmet unavailable)
rElec    .         Reflect  .   x - +1 cloak {+Inv}
rCorr    .         Harm     .   (no gloves)
MR       +....     Clarity  +   (no boots)
Stlth    ..........             (no amulet)
HPRegen  0.65/turn              V - ring "Irior" {*Contam rPois rF+ rC+}
MPRegen  0.15/turn              U - ring of protection from fire

@: mighty
A: permanent stasis, dig shafts and tunnels, four strong arms, antennae 3, thin
skeletal structure 1, agile 1, clarity, cold resistance 1, regeneration 1,
evolution 1
a: Dig, Shaft Self, Wall Jump, Serpent's Lash, Heavenly Storm, Renounce
Religion, Evoke Invisibility


You were on level 12 of the Dungeon.
You worshipped Wu Jian.
Wu Jian was extremely pleased with you.
You were hungry.

You visited 1 branch of the dungeon, and saw 12 of its levels.

You collected 721 gold pieces.
You spent 424 gold pieces at shops.

Inventory:

Hand Weapons
 a - a +1 hand axe of electrocution (weapon)
 b - a +0 war axe
 h - a +0 spear
 y - the +5 mace of the Shark {drain, rC+ SInv}
   (You found it on level 4 of the Dungeon)

   A truly terrible weapon, it drains the life of those it strikes.
   It protects you from cold.
   It lets you see invisible.
 N - a +1 hand axe of chopping
Missiles
 G - 27 poisoned darts (quivered)
 P - 4 throwing nets
Armour
 c - a +0 shield (worn)
 x - a +1 cloak of invisibility (worn)
 I - a +0 plate armour (worn)
 J - a +0 scale mail
Jewellery
 p - an uncursed ring of resist corrosion
 C - an uncursed ring of wizardry
 U - a ring of protection from fire (right hand)
 V - the ring "Irior" (left hand) {*Contam rPois rF+ rC+}
   (You bought it in a shop on level 10 of the Dungeon)

   [ring of poison resistance]

   It protects you from fire.
   It protects you from cold.
   It protects you from poison.
   It causes magical contamination when unequipped.
Wands
 d - a wand of flame (12)
 k - a wand of polymorph (39)
 r - a wand of scattershot (3)
 t - a wand of digging (7)
 F - a wand of enslavement (10)
 K - a wand of paralysis (7)
 L - a wand of acid (9)
 Q - a wand of iceblast (3)
 R - a wand of random effects (6)
 S - a wand of disintegration (14)
Scrolls
 g - 2 scrolls of noise {unknown}
 j - 2 scrolls of immolation {unknown}
 l - 7 scrolls of remove curse {unknown}
 u - 4 scrolls of enchant weapon {unknown}
 w - 2 scrolls of enchant armour {unknown}
 A - a scroll of fear {unknown}
 B - 4 scrolls of amnesia {unknown}
 D - 3 scrolls of blinking {unknown}
 H - a scroll of random uselessness {unknown}
 O - a scroll of acquirement {unknown}
 T - a scroll of vulnerability {unknown}
Potions
 e - a potion of heal wounds
 i - a potion of haste {unknown}
 m - 4 potions of agility
 o - 5 potions of brilliance
 q - a potion of resistance {unknown}
 s - 2 potions of lignification
 v - 2 potions of flight
 z - a potion of might
 E - 3 potions of curing
 M - a potion of ambrosia {unknown}
Comestibles
 f - 26 rations
 n - 13 chunks of flesh


   Skills:
 + Level 8.2 Fighting
 + Level 11.3 Axes
 - Level 0.2(7.2) Maces & Flails
 + Level 3.2 Throwing
 * Level 11.0 Armour
 - Level 0.1 Dodging
 - Level 9.0 Shields
 * Level 7.7 Evocations


You had 9 spell levels left.
You knew the following spells:

 Your Spells              Type           Power        Failure   Level  Hunger
a - Song of Slaying       Chrm           #.......     99%         2    ###....

Your spell library contained the following spells:

 Spells                   Type           Power        Failure   Level  Hunger
 Animate Skeleton         Necr           N/A          95%         1    ##.....
 Beastly Appendage        Tmut           #.....       95%         1    ##.....
 Magic Dart               Conj           #...         95%         1    ##.....
 Pain                     Necr           #...         95%         1    ##.....
 Summon Small Mammal      Summ           #...         95%         1    ##.....
 Call Imp                 Summ           #.......     99%         2    ###....
 Searing Ray              Conj           #.....       99%         2    ###....
 Shroud of Golubria       Chrm/Tloc      #.....       99%         2    ###....
 Swiftness                Chrm/Air       #.......     99%         2    ###....
 Call Canine Familiar     Summ           #.......     100%        3    ####...
 Dazzling Spray           Conj/Hex       #.....       100%        3    ####...
 Regeneration             Chrm/Necr      #.........   100%        3    ####...
 Summon Guardian Golem    Hex/Summ       #.......     100%        3    ####...
 Vampiric Draining        Necr           #.........   100%        3    ####...
 Animate Dead             Necr           N/A          100%        4    #####..
 Force Lance              Conj/Tloc      #.......     100%        4    #####..
 Fulminant Prism          Conj/Hex       #.........   100%        4    #####..
 Iskenderun's Mystic Bla  Conj           #.......     100%        4    #####..
 Summon Ice Beast         Ice/Summ       #.......     100%        4    #####..
 Summon Lightning Spire   Summ/Air       #.......     100%        4    #####..
 Alistair's Intoxication  Tmut/Pois      #.......     100%        5    ######.


Dungeon Overview and Level Annotations

Branches:
Dungeon (12/15)            Temple (0/1) D:7            Lair (0/6) D:9
    Orc (0/2) D:10

Altars:
Elyvilon
Fedhas
Gozag
Hepliaklqana
Kikubaaqudgha
Ru
Vehumet
Wu Jian
Yredelemnul
Beogh

Shops:
D:5 [   D:10 !=::

Annotations:
D:4 exclusion: statue
D:7 exclusion: downstairs
D:8 exclusion: 2 downstairs
D:12 Frances


Innate Abilities, Weirdness & Mutations

You cannot be hasted, slowed, berserked, paralysed or teleported.
You can dig through walls and to a lower floor.
Your four strong arms can wield two-handed weapons with a shield.
You have a pair of large antennae on your head. (SInv)
You have a somewhat thin skeletal structure. (Dex +2, Stealth)
You are agile. (Dex +2)
You possess an exceptional clarity of mind.
Your flesh is cold resistant. (rC+)
Your natural rate of healing is unusually fast.
You evolve.


Message History

Frances mutters in a terrible tongue.
The iron shot hits you!
Frances screams a word of power!
The shard of ice hits you! You partially resist.
You feel very mighty all of a sudden. You block Frances's attack.
You hit Frances. Lightning courses through Frances!
Frances is lightly wounded.
Frances hits you with a +0 halberd!
* * * LOW HITPOINT WARNING * * *
You feel much better. Frances hits you with a +0 halberd!!
* * * LOW HITPOINT WARNING * * *
Are you sure you want to shaft yourself?
You are feeling hungry.
You block Frances's attack.
Frances chants phrases taken from a devil's mouth.
You begin to dig a shaft.
You continue digging a shaft.
Frances mutters in a terrible tongue.
The iron shot hits you!!
You die...

#.......#
#.#####.# #.# #
..# ##### ..# #
...@ ..#####.# #..
{
........#..##@###
.###.####..##.#@##
.......# ...#{.#@#
.###.#.# #..#{####
.#...#.# #..#.#
.#.###.# #..#.#
.#.# #.# #..#.#
.#.###>###..#.#
...........)#.#
##.###........#
#.#........###


You could see Frances.

Vanquished Creatures
  Harold (D:8)
  A hydra (D:12)
  2 two-headed ogres (D:11)
  Pikel (D:4)
  A manticore (D:11)
  An ugly thing (D:11)
  A troll (D:11)
  2 hornets
  Grinder (D:5)
  6 slime creatures (D:9)
  3 hippogriffs
  7 yaks
  A wyvern (D:11)
  2 hungry ghosts
  A basilisk (D:11)
  Menkaure (D:6)
  A warg (D:11)
  Edmund (D:4)
  An acid dragon (D:11)
  Duvessa (D:4)
  A slave (D:4)
  5 ice beasts
  7 orc warriors
  A black bear (D:6)
  A necrophage (D:11)
  4 sky beasts
  3 ogres
  A phantom (D:7)
  8 centaurs
  A crocodile (D:12)
  5 bullfrogs
  Blork the orc (D:5)
  Dowan (D:4)
  2 wyvern skeletons
  6 scorpions
  4 killer bees (D:11)
  3 wights (D:11)
  A howler monkey (D:4)
  4 crimson imps
  A bullfrog zombie (D:8)
  6 hounds
  3 jellies
  A centaur skeleton (D:6)
  A quasit (D:11)
  Crazy Yiuf (D:4)
  7 orc priests
  Natasha (D:2)
  3 iguanas
  12 orc wizards
  8 worker ants
  A hound zombie (D:10)
  A howler monkey zombie (D:8)
  2 worker ant zombies
  4 gnolls
  A howler monkey skeleton (D:7)
  17 adders
  4 shadow imps
  An ooze (D:3)
  2 adder skeletons (D:5)
  A worm (D:5)
  7 leopard geckos
  48 orcs
  2 giant cockroaches (D:5)
  2 gnoll zombies (D:6)
  14 hobgoblins
  8 jackals
  11 kobolds
  6 quokkas
  14 bats
  6 frilled lizards
  A giant cockroach zombie (D:5)
  8 goblins
  2 jackal skeletons
  2 quokka skeletons
  7 rats
311 creatures vanquished.

Notes
Turn   | Place    | Note
-------+----------+-------------------------------------------
     0 | D:1      | gumeehoo the Formicid Fighter began the quest for the Orb.
     0 | D:1      | Reached XP level 1. HP: 18/18 MP: 1/1
    22 | D:1      | Reached XP level 2. HP: 12/24 MP: 2/2
   502 | D:1      | Reached XP level 3. HP: 28/29 MP: 3/3
  1219 | D:2      | Found an ornate altar of the Wu Jian Council.
  1228 | D:2      | Became a worshipper of the Wu Jian Council
  1302 | D:2      | Reached XP level 4. HP: 13/36 MP: 4/4
  2318 | D:3      | Reached XP level 5. HP: 40/42 MP: 5/5
  2375 | D:3      | Noticed Natasha
  2395 | D:3      | Reached * piety under Wu Jian
  2432 | D:2      | Killed Natasha
  2720 | D:3      | Reached XP level 6. HP: 43/48 MP: 6/6
  3057 | D:4      | Found a radiant altar of Vehumet.
  3247 | D:4      | Noticed Edmund
  3272 | D:4      | Killed Edmund
  3272 | D:4      | Reached skill level 5 in Shields
  3294 | D:4      | Reached XP level 7. HP: 30/54 MP: 7/7
  3461 | D:4      | Noticed Duvessa
  3461 | D:4      | Noticed Dowan
  3484 | D:3      | Reached skill level 5 in Axes
  3590 | D:4      | Killed Duvessa
  3734 | D:4      | Killed Dowan
  3880 | D:4      | Reached ** piety under Wu Jian
  3887 | D:4      | Identified the Handbook of Boosting Transmutation
  3971 | D:4      | Noticed Pikel
  4001 | D:4      | Killed Pikel
  4001 | D:4      | Reached skill level 5 in Fighting
  4001 | D:4      | Reached skill level 5 in Armour
  4001 | D:4      | Reached XP level 8. HP: 36/62 MP: 8/8
  4150 | D:4      | Found a runed translucent door.
  4151 | D:4      | Noticed Crazy Yiuf
  4499 | D:4      | Killed Crazy Yiuf
  4635 | D:4      | Got a crystal mace
  4636 | D:4      | Identified the +5 mace of the Shark {drain, rC+ SInv} (You
                  | found it on level 4 of the Dungeon)
  4687 | D:5      | Entered Level 5 of the Dungeon
  4860 | D:5      | Reached skill level 1 in Evocations
  4865 | D:5      | Noticed Grinder
  5153 | D:5      | Killed Grinder
  5153 | D:5      | Reached XP level 9. HP: 60/68 MP: 8/10
  5323 | D:5      | Found Gubbuc's Antique Armour Shop.
  5399 | D:5      | Noticed Blork the orc
  5407 | D:5      | Killed Blork the orc
  5918 | D:6      | Found a sacrificial altar of Ru.
  6404 | D:6      | Noticed Menkaure
  6420 | D:6      | Killed Menkaure
  6718 | D:6      | Found a hazy altar of Hepliaklqana.
  7033 | D:6      | Found a basalt altar of Yredelemnul.
  7193 | D:7      | Reached *** piety under Wu Jian
  7253 | D:7      | Reached XP level 10. HP: 12/76 MP: 12/12
  7262 | D:6      | HP: 3/76 [poisoned by a scorpion]
  8072 | D:7      | Found a staircase to the Ecumenical Temple.
  8260 | D:8      | Found a blossoming altar of Fedhas.
  8260 | D:8      | Found an ancient bone altar of Kikubaaqudgha.
  8800 | D:8      | Noticed Harold
  8818 | D:8      | Killed Harold
  8818 | D:8      | Reached skill level 5 in Evocations
  8819 | D:8      | Reached **** piety under Wu Jian
  9048 | D:8      | Found an opulent altar of Gozag.
  9218 | D:9      | Found a staircase to the Lair.
  9221 | D:9      | Noticed a komodo dragon
 10188 | D:9      | Found a white marble altar of Elyvilon.
 10224 | D:9      | Reached XP level 11. HP: 77/83 MP: 15/15
 10319 | D:9      | Reached skill level 1 in Throwing
 10323 | D:9      | Reached skill level 10 in Axes
 10582 | D:10     | Entered Level 10 of the Dungeon
 11033 | D:10     | Found Bos Ulos's Jewellery Emporium.
 11046 | D:10     | Found a staircase to the Orcish Mines.
 11284 | D:10     | Bought the ring "Irior" {*Contam rPois rF+ rC+} for 424
                  | gold pieces
 11290 | D:10     | Learned a level 2 spell: Song of Slaying
 11332 | D:10     | Found Toaps's Book Shoppe.
 11358 | D:10     | Gained mutation: You are agile. (Dex +2) [potion of
                  | mutation]
 11358 | D:10     | Gained mutation: You evolve. [potion of mutation]
 11358 | D:10     | Gained mutation: Your natural rate of healing is unusually
                  | fast. [potion of mutation]
 11358 | D:10     | Gained mutation: You have a somewhat thin skeletal
                  | structure. (Dex +2, Stealth) [potion of mutation]
 11359 | D:10     | Found Ipatain's Book Emporium.
 11601 | D:10     | Found a roughly hewn altar of Beogh.
 11609 | D:10     | Reached ***** piety under Wu Jian
 11647 | D:10     | Found Yroqilla's Distillery.
 11790 | D:11     | Noticed a purple ugly thing
 11811 | D:11     | Killed a purple ugly thing
 11864 | D:11     | Gained mutation: You possess an exceptional clarity of
                  | mind. [evolution]
 12092 | D:11     | Noticed a two-headed ogre
 12104 | D:11     | Killed a two-headed ogre
 12213 | D:11     | Reached skill level 10 in Armour
 12258 | D:11     | Noticed a manticore
 12277 | D:11     | Killed a manticore
 12370 | D:11     | Reached XP level 12. HP: 78/91 MP: 17/17
 12468 | D:11     | Found a sacrificial altar of Ru.
 12487 | D:11     | Noticed a two-headed ogre
 12502 | D:11     | Killed a two-headed ogre
 12946 | D:12     | Gained mutation: Your flesh is cold resistant. (rC+)
                  | [evolution]
 12965 | D:12     | Noticed a seven-headed hydra
 12972 | D:12     | Killed a seven-headed hydra
 13219 | D:12     | Noticed Frances
 13232 | D:12     | Killed from afar by Frances

Levels and vault maps discovered:
D:1:      nzn_arrival_water_spiral, layout_basic, serial_curves, eino_curves_03,
          eino_curves_02, eino_curves_02
D:2:      layout_basic, lemuel_round_altar
D:3:      layout_rooms, minmay_fractal_squares_diagonal_5, uniq_natasha
D:4:      minmay_clustersquares, layout_basic, vehumet_statue, first_ration,
          eino_small_chamber_without_monster, uniq_pikel,
          uniq_crazy_yiuf_cottage, uniq_duvessa, uniq_edmund
D:5:      layout_cave_pools, serial_shops, shop, minivault_4,
          uniq_blork_the_orc, uniq_grinder
D:6:      layout_gridville, lemuel_zombie_altar_yredelemnul,
          kennysheep_mini_moat, basic_altar, hangedman_decor_clover_reticule,
          uniq_menkaure
D:7:      layout_cave_pools, temple_doors_ab, serial_column_ruins,
          column_ruins_grid_1, column_ruins_corridor_straight,
          column_ruins_columns_corner, column_ruins_open_small,
          column_ruins_grid_1
D:8:      layout_loops_ring, grunt_temple_overflow_growth_and_decay,
          basic_altar, uniq_harold
D:9:      layout_rooms, elyvilon_altar_4, lair_entry_dummy
D:10:     layout_cave_pools, minmay_orc_entry_temple_small, serial_shops, shop,
          nicolae_shop_temple_entry_statues_fountains, nicolae_shop_trees, shop
D:11:     layout_long_grid, basic_altar
D:12:     layout_loops_ring, serial_shops, nicolae_shop_trees, hangedman_ranch
          [blue_anna_fruit_fields], uniq_frances

Skill      XL: |  1  2  3  4  5  6  7  8  9 10 11 12 |
---------------+-------------------------------------+-----
Shields        | 4 5 6 7 8 9 |  9.0
Axes           | 3 4 6 7 8 9 11 | 11.3
Armour         | 4 5 6 7 8 10 11 | 11.0
Fighting       | 4 5 6 7 8 |  8.2
Evocations     | 1 3 5 7 |  7.7
Throwing       | 2 3 |  3.2
Maces & Flails | |  0.2
Dodging        | |  0.1

Action                   |  1- 3 |  4- 6 |  7- 9 | 10-12 || total
-------------------------+-------+-------+-------+-------++-------
Melee: War axe           |   101 |   173 |   348 |    39 ||   661
       Mace              |       |       |    33 |       ||    33
       Hand axe          |       |       |       |   600 ||   600
Throw: Dart              |       |       |       |    55 ||    55
Invok: Lunge             |     2 |    16 |    36 |    35 ||    89
       Whirlwind         |       |     4 |    71 |   108 ||   183
 Abil: Evoke Invisibilit |       |       |       |     1 ||     1
       Dig               |       |       |       |     1 ||     1
       Shaft Self        |       |       |       |     1 ||     1
Evoke: Wand              |       |       |       |     9 ||     9
  Use: Potion            |       |     1 |       |     5 ||     6
       Scroll            |       |       |       |     9 ||     9
 Stab: Invisible         |       |       |       |     5 ||     5
  Eat: Chunk             |     1 |     7 |    13 |    19 ||    40
       Ration            |       |       |       |     1 ||     1
Armor: Scale mail        |    47 |    54 |   114 |       ||   215
       Plate armour      |       |       |       |   185 ||   185
Dodge: Dodged            |    29 |    48 |   101 |   107 ||   285
Block: Shield            |    69 |    91 |   211 |   256 ||   627

Table legend:
 A = Non-vault XP
 B = Vault XP
 C = Vault XP percentage of total XP
 D = Non-vault monster count
 E = Vault monster count
 F = Vault count percentage of total count
                 A         B        C        D         E       F
            +---------+---------+-------+---------+---------+-------
      Total |   17171 |    2907 |  14.5 |     273 |      37 |  11.9
            +---------+---------+-------+---------+---------+-------
        D:1 |      52 |       0 |   0.0 |      25 |       0 |   0.0
        D:2 |     124 |      35 |  22.0 |      25 |       1 |   3.8
        D:3 |     106 |      29 |  21.5 |      24 |       8 |  25.0
        D:4 |     115 |    1169 |  91.0 |       6 |      12 |  66.7
        D:5 |     361 |     363 |  50.1 |      20 |       2 |   9.1
        D:6 |     907 |     176 |  16.3 |      19 |       3 |  13.6
        D:7 |    1231 |       0 |   0.0 |      26 |       0 |   0.0
        D:8 |    1478 |     987 |  40.0 |      24 |       1 |   4.0
        D:9 |    2392 |       0 |   0.0 |      18 |       0 |   0.0
       D:10 |    1549 |     148 |   8.7 |      28 |      10 |  26.3
       D:11 |    6536 |       0 |   0.0 |      47 |       0 |   0.0
       D:12 |    2320 |       0 |   0.0 |      11 |       0 |   0.0
            +---------+---------+-------+---------+---------+-------
